 Dungeon Crawl Stone Soup version 0.25-a0-290-g4a1327ee3a (webtiles) character file.

Game seed: 6233457013160517302, levelgen mode: deterministic

25 MisterFreud the Vandal (level 3, 0/24 HPs)
             Began as a Halfling Hunter on Dec 14, 2019.
             Slain by an adder (3 damage)
             ... on level 2 of the Dungeon.
             The game lasted 00:02:18 (670 turns).

MisterFreud the Vandal (Halfling Hunter)             Turns: 670, Time: 00:02:18

Health: 0/24       AC:  3    Str: 14    XL:     3   Next: 17%
Magic:  3/3        EV: 14    Int:  9    God:
Gold:   39         SH:  0    Dex: 14    Spells: 2/2 levels left

rFire    . . .     SeeInvis .   b - +0 short sword
rCold    . . .     Gourm    .   (shield restricted)
rNeg     . . .     Faith    .   c - +0 leather armour
rPois    .         Spirit   .   (no helmet)
rElec    .         Reflect  .   (no cloak)
rCorr    .         Harm     .   (no gloves)
MR       .....                  (no boots)
Stlth    ++........             (no amulet)
HPRegen  0.08/turn              (no ring)
MPRegen  0.08/turn              (no ring)

@: lethally poisoned (0 -> -8)
A: small, mutation resistance 1
a: no special abilities


You were on level 2 of the Dungeon.
You were not hungry.

You visited 1 branch of the dungeon, and saw 2 of its levels.

You collected 39 gold pieces.

Inventory:

Hand Weapons
 a - a +1 hunting sling
 b - a +0 short sword (weapon)
Missiles
 d - 20 sling bullets
 e - 78 stones (quivered)
Armour
 c - a +0 leather armour (worn)
Wands
 l - a wand of polymorph (7)
Scrolls
 g - a scroll of magic mapping {unknown}
 i - 2 scrolls of identify {unknown}
Potions
 j - 3 potions of haste {unknown}
 k - 2 potions of heal wounds {unknown}
Comestibles
 f - 5 rations
 h - 7 chunks of flesh


   Skills:
 - Level 1.7 Fighting
 + Level 2.1 Short Blades
 - Level 5.8 Slings
 - Level 2.1 Dodging
 + Level 2.5 Stealth


You had 2 spell levels left.
You didn't know any spells.
Your spell library was empty.

Dungeon Overview and Level Annotations

Branches:
Dungeon (2/15)

Altars:
Dithmenos


Innate Abilities, Weirdness & Mutations

You are small and have problems with some larger weapons.
You are somewhat resistant to further mutation.


Message History

The adder poisons you!
You barely miss the adder.
The adder is severely wounded.
You feel sick. The adder bites you but does no damage.
Some of the chunks of flesh in your inventory have rotted away.
You miss the adder.
The adder is severely wounded.
The adder barely misses you.
You barely miss the adder.
The adder is severely wounded.
You feel sick. The adder misses you. The adder bites you.
* * * LOW HITPOINT WARNING * * *
You are more poisoned.
The adder poisons you!
* * * LOW HITPOINT WARNING * * *
You feel sick.
* * * LOW HITPOINT WARNING * * *
You feel sick. The adder bites you.
You die...

#..####..# #.(..
###......# #...§
#....##### ###....
#....## #####.....§
##.....####.....#...§
.###..#.....(w.........h
#.......†h#####.#......#
#...###.S..............#
#......@....h....###..##
#.####.<........#. ...#
##)####>.##.........
##..# ##..##....(###
###..## ##..#.....)
#...## #.# #.### .. #.#
#.#


You could see an adder and 2 jackals.

Vanquished Creatures
  A dart slug (D:1)
  A leopard gecko (D:1)
  2 bats (D:2)
  A giant cockroach (D:1)
  2 goblins
  4 hobgoblins
  A jackal (D:2)
  A quokka (D:2)
  A frilled lizard (D:1)
  2 kobolds
  3 rats (D:1)
19 creatures vanquished.

Notes
Turn   | Place    | Note
-------+----------+-------------------------------------------
     0 | D:1      | MisterFreud the Halfling Hunter began the quest for the
                  | Orb.
     0 | D:1      | Reached XP level 1. HP: 14/14 MP: 1/1
    44 | D:1      | Reached skill level 1 in Short Blades
    44 | D:1      | Reached XP level 2. HP: 11/19 MP: 2/2
   585 | D:2      | Reached XP level 3. HP: 24/24 MP: 3/3
   628 | D:2      | Found a shadowy altar of Dithmenos.
   670 | D:2      | Slain by an adder

Levels and vault maps discovered:
D:1:      dpeg_arrival_rhombi, layout_rooms
D:2:      layout_rooms, kennysheep_slug_shrine, nicolae_overflow_hidden_temple,
          grunt_dithmenos_smoke, chequers_ecumenical_altar_island, uniq_jessica

Skill      XL: |  1  2  3 |
---------------+----------+-----
Short Blades   | 1 2 |  2.1
Stealth        | 2 |  2.5
Fighting       | |  1.7
Slings         | |  5.8
Dodging        | |  2.1

Action                   || total
-------------------------++-------
Melee: Short sword       ||    19
 Fire: Hunting sling     ||    46
Armor: Leather armour    ||     2
Dodge: Dodged            ||    21

Table legend:
 A = Non-vault XP
 B = Vault XP
 C = Vault XP percentage of total XP
 D = Non-vault monster count
 E = Vault monster count
 F = Vault count percentage of total count
                 A         B        C        D         E       F
            +---------+---------+-------+---------+---------+-------
      Total |      36 |       0 |   0.0 |      19 |       0 |   0.0
            +---------+---------+-------+---------+---------+-------
        D:1 |      22 |       0 |   0.0 |      12 |       0 |   0.0
        D:2 |      14 |       0 |   0.0 |       7 |       0 |   0.0
            +---------+---------+-------+---------+---------+-------
